AoeStats
← KOSOVAR

Black Forest

508909891Analyzed
4v4 RM · 9d ago on Sep 24, 2026· 72m 56s· 8 players
Game mode
Random Map
Map size
Large (8 player)
Population
200
Speed
Normal
Resources
Standard
Victory
Conquest
Starting age
Dark Age
Ending age
Imperial Age
RankedLock teamsTeams togetherTeam positionsShared explorationLock speedFull tech treeHidden civsTurbo modeCheats
Victory
Defeat
🇷🇺 Aztecs · Russia
740
+21
🇮🇹 Italians · Italy
712
+16
🇪🇸 Huns · Spain
705
+17
🇨🇳 Mongols · China
702
+17
🇫🇮 Khmer · Finland
765
-17
🇫🇮 Teutons · Finland
732
-17
🇫🇮 Sicilians · Finland
731
-17
🇫🇮 Danes · Finland
660
-14
KOSOVAR
0:57 Loom
6:19 Loom
11:32 Feudal Age
12:14 Double-Bit Axe
15:56 Fishing Lines
19:55 Castle Age
17:56 Horse Collar
19:44 Gold Mining
20:07 Scale Barding Armor
20:13 Forging
22:06 Bow Saw
23:07 Wheelbarrow
26:15 Hand Cart
27:30 Heavy Plow
27:55 Chain Barding Armor
30:12 Husbandry
30:23 Bloodlines
30:51 Iron Casting
30:21 Caravan
31:13 Gillnets
34:44 Imperial Age
35:10 Marauders
36:33 Plate Barding Armor
36:59 Blast Furnace
36:28 Conscription
36:30 Atheism
35:32 Elite Tarkan
39:31 Two-Man Saw
39:17 Gold Shaft Mining
38:40 Town Watch
42:06 Chemistry
41:28 Ballistics
41:04 Murder Holes
43:52 Town Patrol
43:48 Fletching
43:59 Padded Archer Armor
44:32 Masonry
49:05 Bodkin Arrow
49:25 Leather Archer Armor
49:30 Thumb Ring
48:46 Crossbowman
49:56 Parthian Tactics
48:51 Heavy Cavalry Archer
50:02 Bracer
64:48 Light Cavalry
64:59 Elite Skirmisher
71:05 Hussar
carognavera
10:03 Feudal Age
11:22 Wheelbarrow
10:35 Double-Bit Axe
10:34 Horse Collar
13:15 Gold Mining
23:34 Castle Age
21:54 Stone Mining
24:30 Hand Cart
24:29 Bow Saw
24:22 Heavy Plow
30:00 Stone Shaft Mining
33:34 Imperial Age
30:50 Town Watch
32:52 Heated Shot
33:23 Ballistics
33:07 Scale Mail Armor
33:18 Forging
35:22 Chemistry
34:40 Chain Mail Armor
34:26 Padded Archer Armor
34:16 Fletching
34:56 Caravan
35:47 Crop Rotation
36:28 Two-Man Saw
36:52 Leather Archer Armor
37:08 Plate Mail Armor
37:13 Iron Casting
36:53 Fortified Wall
36:54 Masonry
36:51 Town Patrol
38:48 Bodkin Arrow
39:24 Ring Archer Armor
39:28 Architecture
39:39 Coinage
39:20 Guilds
38:56 Onager
39:52 Elite Genoese Crossbowman
42:02 Blast Furnace
41:02 Bracer
41:05 Squires
40:26 Pikeman
40:52 Arson
42:20 Guard Tower
42:51 Bombard Tower
42:17 Arrowslits
42:17 Treadmill Crane
45:24 Keep
44:45 Murder Holes
46:11 Banking
RESPECT
13:08 Feudal Age
14:12 Double-Bit Axe
16:42 Horse Collar
23:52 Scale Mail Armor
25:15 Wheelbarrow
25:44 Forging
27:53 Castle Age
26:20 Gold Mining
26:21 Stone Mining
27:51 Loom
30:36 Heavy Plow
30:48 Bow Saw
31:18 Hand Cart
31:31 Fortified Wall
31:03 Treadmill Crane
31:57 Chain Mail Armor
32:18 Iron Casting
34:23 Gold Shaft Mining
34:28 Stone Shaft Mining
35:15 Town Watch
35:25 Eagle Warrior
37:05 Squires
40:08 Arson
41:02 Caravan
44:02 Imperial Age
41:36 Town Patrol
41:13 Pikeman
42:07 Murder Holes
43:55 Pikeman
44:29 Elite Eagle Warrior
45:32 Conscription
45:38 Garland Wars
46:42 Blast Furnace
46:13 Plate Mail Armor
45:34 Fletching
57:18 Siege Engineers
60:37 Capped Ram
64:31 Padded Archer Armor
64:27 Bodkin Arrow
66:32 Siege Ram
67:21 Bracer
67:37 Leather Archer Armor
784f22fd
8:08 Loom
14:30 Feudal Age
20:25 Castle Age
19:43 Double-Bit Axe
21:53 Bow Saw
23:43 Horse Collar
30:12 Stone Mining
31:54 Stone Shaft Mining
34:37 Murder Holes
34:52 Masonry
35:24 Gold Mining
36:14 Wheelbarrow
36:58 Heavy Plow
37:07 Caravan
37:38 Nomads
40:47 Imperial Age
40:34 Ballistics
41:22 Elite Mangudai
42:25 Conscription
42:26 Hand Cart
41:59 Capped Ram
43:00 Husbandry
43:12 Bloodlines
43:09 Scale Mail Armor
43:56 Parthian Tactics
44:31 Padded Archer Armor
48:42 Drill
48:53 Siege Ram
49:58 Scale Barding Armor
53:38 Light Cavalry
54:09 Onager
55:52 Siege Engineers
56:48 Chemistry
55:25 Hussar
56:15 Siege Onager
61:46 Fletching
62:15 Leather Archer Armor
62:17 Chain Mail Armor
62:23 Chain Barding Armor
64:24 Bodkin Arrow
70:51 Hoardings
Eemi8
12:44 Feudal Age
13:10 Double-Bit Axe
13:22 Horse Collar
20:27 Castle Age
20:54 Bloodlines
21:24 Bow Saw
21:37 Gold Mining
24:13 Fletching
27:23 Scale Barding Armor
27:29 Forging
31:12 Imperial Age
30:13 Wheelbarrow
31:42 Heavy Plow
31:24 Cavalier
36:36 Iron Casting
36:11 Arson
36:29 Squires
39:07 Paladin
40:27 Chain Barding Armor
41:15 Conscription
40:29 Pikeman
44:06 Scale Mail Armor
44:15 Bodkin Arrow
45:30 Chemistry
58:03 Padded Archer Armor
Juha Wrekter
11:47 Feudal Age
12:19 Double-Bit Axe
12:33 Loom
18:38 Fishing Lines
20:19 Horse Collar
23:42 Castle Age
24:15 Stone Mining
25:04 Bow Saw
25:37 Gillnets
26:32 Gold Mining
27:23 Stone Shaft Mining
27:23 Squires
28:22 Wheelbarrow
29:20 Gold Shaft Mining
31:44 Heavy Plow
31:52 Arson
32:10 Husbandry
36:56 Imperial Age
36:19 Ballistics
36:09 Thumb Ring
37:58 Elite Jomsviking
39:01 Conscription
38:03 Heavy Mounted Crossbowman
39:50 Fletching
40:00 Scale Mail Armor
40:11 Forging
39:29 Cranequins
42:10 Hamask
44:42 Bloodlines
44:24 Onager
46:54 Pikeman
48:19 Bodkin Arrow
49:01 Iron Casting
48:31 Scale Barding Armor
48:43 Chain Mail Armor
49:10 Caravan
50:17 Chemistry
51:52 Padded Archer Armor
54:01 Halberdier
60:54 Blast Furnace
59:55 Bracer
60:16 Chain Barding Armor
60:27 Plate Mail Armor
60:14 Leather Archer Armor
62:54 Elite Skirmisher
Nahkakikkeli
12:59 Feudal Age
15:27 Double-Bit Axe
15:36 Stone Mining
16:53 Horse Collar
20:31 Castle Age
18:25 Gold Mining
25:01 Wheelbarrow
24:46 Bow Saw
26:16 Horse Collar
30:45 Imperial Age
28:57 Hand Cart
32:33 Forging
32:24 Scale Mail Armor
32:15 Fletching
32:25 Padded Archer Armor
33:38 Husbandry
33:49 Bloodlines
33:48 Scale Barding Armor
34:19 Iron Casting
34:45 Ballistics
34:56 Caravan
37:00 Heavy Plow
37:49 Bodkin Arrow
38:10 Leather Archer Armor
38:55 Blast Furnace
38:11 Chain Mail Armor
38:16 Chain Barding Armor
37:34 Elite Serjeant
38:35 Conscription
38:11 Cranequins
39:28 Heavy Mounted Crossbowman
42:34 Chemistry
41:27 Heated Shot
41:27 Arrowslits
41:56 Masonry
43:00 First Crusade
44:52 Plate Mail Armor
44:23 Bracer
44:58 Plate Barding Armor
50:03 Elite Skirmisher
52:36 Hauberk
54:12 Pikeman
57:18 Halberdier
Pingu
0:31 Loom
13:18 Feudal Age
14:23 Double-Bit Axe
15:55 Horse Collar
20:03 Castle Age
20:26 Gold Mining
20:29 Stone Mining
21:08 Bow Saw
23:05 Wheelbarrow
25:06 Gold Shaft Mining
25:24 Heavy Plow
27:30 Stone Shaft Mining
34:10 Imperial Age
34:26 Hand Cart
34:56 Fletching
35:30 Ballistics
35:40 Tusk Swords
35:45 Husbandry
36:46 Conscription
36:29 Bodkin Arrow
36:43 Siege Engineers
36:51 Town Watch
39:17 Chemistry
37:43 Elite Ballista Elephant
40:15 Caravan
42:02 Bracer
43:25 Double Crossbow
45:32 Crop Rotation
46:06 Padded Archer Armor
47:51 Bloodlines
48:13 Light Cavalry
49:14 Hussar
51:21 Onager
57:06 Forging
58:02 Scale Barding Armor
58:37 Iron Casting
58:22 Leather Archer Armor
59:37 Chain Barding Armor
59:53 Ring Archer Armor
Connection lost

Rejoining the realm…

Still unreachable

The connection could not be restored.

Session expired

The server has moved on; the page needs a fresh start.